 Dungeon Crawl Stone Soup version 0.29-a0-1047-g7c58e119a4 (webtiles) character file.

Game seed: 658738310986219684

6183 snarfax the Covert (level 10, -4/109 HPs)
             Began as an Octopode Berserker on Aug 16, 2022.
             Was a High Priest of Trog.
             Slain by a yak (14 damage)
             ... on level 9 of the Dungeon.
             The game lasted 00:30:12 (10096 turns).

snarfax the Covert (Octopode Berserker)            Turns: 10096, Time: 00:30:13

Health: -4/109     AC:  1    Str: 25    XL:     10   Next: 91%
Magic:  19/19      EV: 19    Int: 10    God:    Trog [*****.]
Gold:   378        SH: 10    Dex: 13    Spells: 9/9 levels left

rFire   . . .      SeeInvis .   y - +0 war axe
rCold   + . .      Faith    .   m - +0 kite shield
rNeg    . . .      Spirit   .   (helmet restricted)
rPois   .          Reflect  .   o - amulet of the acrobat
rElec   .          Harm     .   c - +4 ring of evasion
rCorr   .          Rampage  .   p - ring of protection from cold
Will    .....                   D - +6 ring of strength
Stlth   ..........              b - ring of magical power
HPRegen 0.28/turn               (no ring)
MPRegen 0.16/turn               (no ring)
                                (no ring)
                                (no ring)

@: berserking, very quick
A: almost no armour, amphibious, 8 rings, camouflage 1, gelatinous body 1,
(nimble swimmer 1), tentacles
a: Renounce Religion, Berserk, Trog's Hand, Brothers in Arms


You were on level 9 of the Dungeon.
You worshipped Trog.
Trog was extremely pleased with you.
You visited 1 branch of the dungeon, and saw 9 of its levels.

You collected 378 gold pieces.

Inventory:

Hand Weapons
 a - a +0 hand axe
 q - the +11 rapier of Trog's Supremacy {antimagic, rF+ rC- Str+4 Stlth+}
   (You found it on level 5 of the Dungeon)

   It reduces the magical energy of the wielder, and disrupts the spells and
   magical abilities of those it strikes.
   Natural abilities and divine invocations are not affected.
   Str:       It affects your strength (+4).
   rF:        It protects you from fire.
   rC:        It makes you vulnerable to cold.
   Stlth:     It makes you more stealthy.
 y - a +0 war axe (weapon)
 E - a +0 battleaxe
Missiles
 j - 8 poisoned darts
 k - 4 atropa-tipped darts
 A - 10 boomerangs (quivered)
 B - 4 throwing nets
Armour
 m - a +0 kite shield (worn)
Jewellery
 b - a ring of magical power (on tentacle)
 c - a +4 ring of evasion (left tentacle)
 o - an amulet of the acrobat (around mantle)
 p - a ring of protection from cold (right tentacle)
 D - a +6 ring of strength (on tentacle)
 M - the ring "Oteguc" {EV+4 Int+4 Dex-3 SInv}
   (You found it on level 9 of the Dungeon)

   [ring of evasion]

   EV:        It affects your evasion (+4).
   Int:       It affects your intelligence (+4).
   Dex:       It affects your dexterity (-3).
   SInv:      It lets you see invisible.
Wands
 l - a wand of quicksilver (1)
 v - a wand of flame (18)
 L - a wand of polymorph (9)
Scrolls
 f - a scroll of butterflies
 h - 3 scrolls of teleportation
 i - 4 scrolls of immolation
 n - a scroll of vulnerability {unknown}
 r - a scroll of acquirement {unknown}
 t - a scroll of noise {unknown}
 C - a scroll of fear {unknown}
 H - a scroll of enchant armour {unknown}
 J - a scroll of blinking {unknown}
Potions
 d - a potion of haste {unknown}
 g - 2 potions of brilliance
 s - 2 potions of cancellation
 u - 3 potions of lignification
 w - 4 potions of might
 z - a potion of mutation
 F - 3 potions of attraction
 G - a potion of degeneration
 I - a potion of berserk rage
 K - a potion of flight


   Skills:
 + Level 8.6 Fighting
 + Level 5.6 Axes
 + Level 8.6 Dodging
 - Level 10.0 Stealth
 + Level 7.6 Shields


You had 9 spell levels left.
You didn't know any spells.
Your spell library was empty.

Dungeon Overview and Level Annotations

Branches:
Dungeon (9/15)             Temple (0/1) D:6
   Lair: D:8-11         Orc: D:9-12

Altars:
Ashenzari
Dithmenos
Elyvilon
Hepliaklqana
Makhleb
Wu Jian

Shops:
D:1 (   D:4 [**   D:5 (

Annotations:
D:3 3 runed translucent doors, JakeJacob's ghost, amateur SpHu
D:5 1 runed translucent door, Crazy Yiuf


Innate Abilities, Weirdness & Mutations

You cannot wear most types of armour.
You are amphibious.
You can wear up to eight rings at the same time.
Your skin changes colour to match your surroundings (Stealth+).
Your rubbery body absorbs attacks. (AC +1, EV +1)
((You are camouflaged when in or above water. (Stealth+)))
You have tentacles for arms and can constrict up to eight enemies at once.


Message History

You slash the kobold brigand! You grab the kobold brigand.
The kobold brigand is moderately wounded.
You constrict the kobold brigand! You block the kobold brigand's attack.
The grasping roots constrict you.
* * * LOW HITPOINT WARNING * * *
You hit the kobold brigand but do no damage.
The kobold brigand is heavily wounded.
You constrict the kobold brigand.
The kobold brigand hits you with a +0 short sword.
* * * LOW HITPOINT WARNING * * *
The grasping roots constrict you.
* * * LOW HITPOINT WARNING * * *
You block the kobold brigand's attack. The grasping roots constrict you.
* * * LOW HITPOINT WARNING * * *
The grasping roots release their grip on you.
A red film seems to cover your vision as you go berserk!
You feel yourself moving faster!
You feel mighty!
You constrict the kobold brigand!
You kill the kobold brigand!
Trog accepts your kill.
You barely miss the yak. You block the yak's attack.
You barely miss the yak. The yak gores you.
* * * LOW HITPOINT WARNING * * *
You slash the yak! You squeeze the yak.
The yak is heavily wounded.
You block the yak's attack.
You barely miss the yak.
The yak is heavily wounded.
You block the yak's attack.
You hit the yak. You squeeze the yak!
You feel the power of Trog in you as your rage grows.
You kill the yak!
Trog accepts your kill.
You slice the yak!! Your squeeze misses the yak.
The yak is heavily wounded.
You block the yak's attack.
You hit the yak but do no damage. You squeeze the yak.
The yak is severely wounded.
The yak gores you!
You die...

#########
.......o################
....Y..)Y.#............#
........#o#............#
...K.Y..#Y#...........)#
..Y.....#@#............##
.....oo.#.'.............#
......o.###.......####''##
###.#######.......#≈§≈..§≈
#. ###...######≈≈≈..≈≈ #
#~~...~~# #§≈#§##≈
..#~.)♣..~####≈.§§§#.
#............#≈.#.≈..
....♣.r.♣....#≈≈##.#≈


You could see 2 yaks and an orc warrior.

Vanquished Creatures
  A two-headed ogre (D:9)
  Psyche (D:9)
  Grinder (D:4)
  A wyvern (D:7)
  8 yaks (D:9)
  3 water moccasins
  Duvessa (D:4)
  A black bear (D:6)
  2 sky beasts (D:7)
  3 ice beasts
  2 orc warriors
  3 centaurs
  Blork the orc (D:6)
  2 phantoms
  2 kobold brigands
  A necrophage (D:7)
  A bullfrog (D:7)
  A gnoll sergeant (D:7)
  5 scorpions
  3 wights (D:8)
  Dowan (D:4)
  5 killer bees (D:9)
  4 howler monkeys (D:8)
  2 lava snakes (D:8)
  3 jellies
  2 orc priests (D:6)
  3 hounds
  A gnoll bouda (D:6)
  3 iguanas
  Ijyb (D:4)
  4 orc wizards
  Natasha (twice) (D:4)
  10 adders
  17 gnolls
  2 ufetubi
  3 worms
  A dart slug (D:1)
  26 orcs
  8 ball pythons
  3 bats (D:1)
  6 endoplasms
  2 giant cockroaches
  8 goblins
  9 hobgoblins
  6 jackals
  12 kobolds
  5 quokkas
  3 frilled lizards (D:1)
  2 rats
197 creatures vanquished.

Vanquished Creatures (others)
  A fungus (D:9)
  2 plants (D:9)
3 creatures vanquished.

Grand Total: 200 creatures vanquished

Notes
Turn   | Place    | Note
-------+----------+-------------------------------------------
     0 | D:1      | snarfax the Octopode Berserker began the quest for the Orb.
     0 | D:1      | Reached XP level 1. HP: 16/16 MP: 1/1
    76 | D:1      | Reached XP level 2. HP: 14/21 MP: 2/2
   469 | D:1      | Found Ashreyfu's Weapon Shop.
   652 | D:1      | Reached XP level 3. HP: 26/26 MP: 3/3
  1043 | D:2      | Reached ** piety under Trog
  1225 | D:2      | Reached XP level 4. HP: 32/32 MP: 4/4
  1488 | D:3      | Found a runed translucent gate.
  1488 | D:3      | Noticed a bullfrog
  1489 | D:3      | Found a runed translucent gate.
  1490 | D:3      | Found a runed translucent gate.
  1490 | D:3      | Noticed JakeJacob's ghost (amateur SpHu)
  1877 | D:3      | Found a burning altar of Makhleb.
  2025 | D:3      | Reached skill level 1 in Shields
  2642 | D:4      | Noticed Duvessa
  2642 | D:4      | Noticed Dowan
  2773 | D:4      | Found Bonocan's General Store.
  2822 | D:4      | Killed Duvessa
  2823 | D:4      | Reached XP level 5. HP: 36/37 MP: 5/5
  2828 | D:4      | HP: 1/37 [Dowan/bolt of dispelling energy (16)]
  2830 | D:4      | Killed Dowan
  2830 | D:4      | Reached *** piety under Trog
  2831 | D:4      | Reached XP level 6. HP: 10/43 MP: 6/6
  3386 | D:4      | Noticed Grinder
  3417 | D:4      | Paralysed by Grinder for 2 turns
  3421 | D:4      | Killed Grinder
  3422 | D:4      | Reached XP level 7. HP: 22/49 MP: 7/7
  3668 | D:4      | Noticed Ijyb
  3677 | D:4      | Killed Ijyb
  3880 | D:4      | Reached skill level 5 in Fighting
  3880 | D:4      | Reached skill level 5 in Axes
  3880 | D:4      | Reached skill level 5 in Dodging
  3926 | D:4      | Noticed Natasha
  3931 | D:4      | Killed Natasha
  3971 | D:4      | Found Vidytij's Antique Armour Shoppe.
  4268 | D:4      | Noticed Natasha
  4273 | D:4      | Killed Natasha
  4440 | D:4      | Found Wani's Assorted Antiques.
  4508 | D:5      | Entered Level 5 of the Dungeon
  4527 | D:5      | Found Itat's Weapon Shop.
  4546 | D:5      | Reached XP level 8. HP: 44/56 MP: 8/8
  4552 | D:5      | Identified the +11 rapier of Trog's Supremacy {antimagic,
                  | rF+ rC- Str+4 Stlth+}
  4710 | D:5      | Reached **** piety under Trog
  4876 | D:5      | You fall into a shaft and drop 3 floors!
  4950 | D:7      | Reached skill level 1 in Stealth
  5042 | D:7      | Reached skill level 2 in Stealth
  5297 | D:5      | Reached skill level 3 in Stealth
  5793 | D:5      | Found a runed translucent door.
  5795 | D:5      | Noticed Crazy Yiuf
  5906 | D:6      | Found a staircase to the Ecumenical Temple.
  5935 | D:6      | Reached skill level 4 in Stealth
  5958 | D:6      | Identified the +5 flail "Asmeqin" {vorpal, rF+ rC- rN+
                  | rCorr}
  5985 | D:6      | Identified the +0 chain mail "Qurphuh" {-Tele Will+ Dex+2
                  | SInv}
  6084 | D:6      | Noticed Blork the orc
  6095 | D:6      | Killed Blork the orc
  6096 | D:6      | Reached skill level 5 in Stealth
  6096 | D:6      | Reached skill level 5 in Shields
  6096 | D:6      | Reached XP level 9. HP: 56/63 MP: 3/9
  6599 | D:6      | Reached skill level 6 in Stealth
  7231 | D:7      | Reached skill level 7 in Stealth
  7601 | D:7      | Reached skill level 8 in Stealth
  7679 | D:7      | Found a broken altar of Ashenzari.
  7680 | D:7      | Found an ornate altar of the Wu Jian Council.
  8027 | D:8      | Noticed a centaur warrior
  8288 | D:8      | Reached XP level 10. HP: 59/70 MP: 6/10
  8321 | D:8      | Reached ***** piety under Trog
  8322 | D:8      | Reached skill level 9 in Stealth
  8676 | D:8      | Found a shadowy altar of Dithmenos.
  8681 | D:8      | Found a hazy altar of Hepliaklqana.
  9020 | D:9      | Reached skill level 10 in Stealth
  9307 | D:9      | Noticed a two-headed ogre
  9314 | D:9      | Killed a two-headed ogre
  9317 | D:9      | Identified the ring "Oteguc" {EV+4 Int+4 Dex-3 SInv}
  9508 | D:9      | Noticed Psyche
  9516 | D:9      | Killed Psyche
  9518 | D:9      | Found a white marble altar of Elyvilon.
 10096 | D:9      | Slain by a yak

Illustrated notes

Levels and vault maps discovered:
D:1:      nagdon_arrival_zigzag_paths, layout_basic, serial_shops,
          nicolae_shop_bloodbath_and_beyond
D:2:      layout_rooms
D:3:      layout_basic, mainiacjoe_overflow_alcove_2, gammafunk_ghost_split,
          chequers_serial_rivers_room_b, st_stairs_1,
          hangedman_decor_clover_reticule
D:4:      layout_loops_corners, serial_shops, nicolae_diamond_shop,
          nicolae_take_the_stairs, kennysheep_mini, uniq_duvessa, uniq_natasha,
          uniq_grinder, uniq_ijyb
D:5:      layout_rooms, serial_shops, nicolae_shop_waterfront,
          uniq_crazy_yiuf_cottage
D:6:      layout_gridville, minmay_temple_entry_mini_moons, st_stairs_4,
          uniq_blork_the_orc
D:7:      layout_cave_pods, nicolae_overflow_two_pavilions,
          kennysheep_small_square
D:8:      layout_cave_pools, riverfiend_overflow_shadow_ancestor,
          kennysheep_island_fort
D:9:      layout_roguey, elyvilon_altar_4, dpeg_oklobed_lair,
          kennysheep_generic_room_4, uniq_joseph, uniq_psyche

Skill      XL: |  1  2  3  4  5  6  7  8  9 10 |
---------------+-------------------------------+-----
Shields        | 1 2 3 5 6 7 |  7.6
Fighting       | 4 5 6 7 8 |  8.6
Axes           | 4 5 |  5.6
Dodging        | 4 5 6 7 8 |  8.6
Stealth        | 5 8 10 | 10.0

Action                   |  1- 3 |  4- 6 |  7- 9 | 10-12 || total
-------------------------+-------+-------+-------+-------++-------
Melee: Hand axe          |    62 |    92 |    70 |       ||   224
       Constrict         |    20 |    19 |    61 |     9 ||   109
       Tentacles         |    16 |    24 |    51 |    26 ||   117
       Punch             |       |     2 |     4 |       ||     6
       Rapier            |       |       |   169 |    72 ||   241
       War axe           |       |       |       |    30 ||    30
Throw: Stone             |       |     3 |       |       ||     3
       Dart              |       |       |    10 |       ||    10
       Boomerang         |       |       |     1 |       ||     1
Invok: Trog's Hand       |       |       |       |     1 ||     1
  Use: Scroll            |     2 |     4 |     5 |     3 ||    14
       Potion            |       |     2 |     1 |     6 ||     9
 Stab: Sleeping          |     9 |     3 |    14 |     3 ||    29
       Distracted        |       |       |       |     1 ||     1
Armor: Skin              |     4 |     5 |     4 |     4 ||    17
Dodge: Dodged            |    41 |    43 |   176 |   115 ||   375
Block: Kite shield       |     3 |    19 |    83 |    78 ||   183

Table legend: (Time is in decaauts)
 A = Elapsed time spent in this place.
 B = Non-inter-level travel time spent in this place.
 C = Inter-level travel time spent in this place.
 D = Time resting spent in this place.
 E = Time spent auto-exploring this place.
 F = Levels seen in this place.
 G = Mean time per level.
                   A        B        C        D        E       F      G
               +--------+--------+--------+--------+--------+-----+--------+
         Total |  10241 |  10081 |    160 |   2005 |   6095 |   9 | 1137.9 |
       Dungeon |  10241 |  10081 |    160 |   2005 |   6095 |   9 | 1137.9 |
               +--------+--------+--------+--------+--------+-----+--------+

Top non-repeatable levels by time:
     D:4: 1881 daAuts
     D:3: 1290 daAuts
     D:9: 1281 daAuts
     D:7: 1240 daAuts
     D:6: 1236 daAuts
     D:1: 937 daAuts
     D:5: 922 daAuts
     D:8: 891 daAuts
     D:2: 558 daAuts
